 Dungeon Crawl Stone Soup version 0.22.1-1-ga44c0e5 (webtiles) character file.

200 Loudmushroom the Skirmisher (level 5, 0/33 HPs)
             Began as a Gargoyle Fighter on Oct 7, 2018.
             Slain by an orc
             ... wielding a +0 morningstar
              (3 damage)
             ... on level 4 of the Dungeon.
             The game lasted 00:10:06 (3290 turns).

Loudmushroom the Skirmisher (Gargoyle Fighter)      Turns: 3290, Time: 00:10:06

Health: 0/33       AC: 12    Str: 21    XL:     5   Next: 78%
Magic:  5/5        EV:  7    Int:  8    God:
Gold:   147        SH:  9    Dex:  9    Spells: 4/4 levels left

rFire    . . .     SeeInvis .   a - +0 war axe
rCold    . . .     Gourm    .   c - +0 shield
rNeg     + . .     Faith    .   u - +0 scale mail
rPois    ∞         Spirit   .   (no helmet)
rElec    +         Reflect  .   (no cloak)
rCorr    .         Harm     .   (no gloves)
MR       .....                  g - +0 pair of boots
Stlth    ..........             (no amulet)
HPRegen  0.11/turn              (no ring)
MPRegen  0.09/turn              (no ring)

@: no status effects
A: negative energy resistance 1, electricity resistance, unbreathing,
petrification resistance, rot immunity, AC +4
a: no special abilities


You were on level 4 of the Dungeon.
You were not hungry.

You visited 1 branch of the dungeon, and saw 4 of its levels.

You collected 147 gold pieces.

Inventory:

Hand Weapons
 a - a +0 war axe (weapon)
 b - a +0 hunting sling
 k - a +0 mace
 t - a cursed -3 mace
Missiles
 i - 92 stones (quivered)
 x - 25 bolts
 y - 20 sling bullets
Armour
 c - a +0 shield (worn)
 g - a +0 pair of boots (worn)
 u - a +0 scale mail (worn)
Scrolls
 e - 3 scrolls of remove curse {unknown}
 l - 3 scrolls of identify {unknown}
 o - a scroll of random uselessness {unknown}
 p - a scroll of enchant weapon {unknown}
 q - 3 scrolls of teleportation {unknown}
 r - a scroll of blinking {unknown}
 s - 3 scrolls of enchant armour {unknown}
 v - a scroll of fear {unknown}
 w - a scroll of magic mapping {unknown}
Potions
 d - a potion of might
 h - a potion of degeneration {unknown}
 j - a potion of curing {unknown}
 n - 2 potions of agility {unknown}
Comestibles
 f - 6 rations


   Skills:
 + Level 4.2 Fighting
 * Level 3.5 Axes
 + Level 4.2 Armour
 + Level 4.2 Shields


You had 4 spell levels left.
You didn't know any spells.
Your spell library was empty.

Dungeon Overview and Level Annotations

Branches:
Dungeon (4/15)
 Temple: D:4-7

Altars:
Gozag


Innate Abilities, Weirdness & Mutations

You are resistant to torment.
Your stone body is resilient. (AC +4)
You are immune to poison.
You resist negative energy. (rN+)
You are resistant to electric shocks. (rElec)
You can survive without breathing.
You are immune to petrification.
You are immune to rotting.


Message History

You kill the orc priest!
You block the orc's attack.
An orc comes into view. It is wielding a morningstar.
You closely miss the orc. You slash the orc!
You kill the orc!
You block the orc's attack. The orc hits you but does no damage.
You slash the orc!
You kill the orc!
You slash the orc!
You kill the orc!
An orc comes into view. It is wielding a club.
The orc moves out of view.
You hit the orc.
The orc is moderately wounded.
The orc hits you with a morningstar.
* * * LOW HITPOINT WARNING * * *
You barely miss the orc.
The orc is moderately wounded.
You block the orc's attack. The orc hits you with a morningstar.
You die...

####### ##......
#######...##
#..........##
#.###.<.....##
##.###.##....)#
####...##.##.###@#
...........#.#
#o)[.....
..............
..o####.#
##..####.....####..
##.# ##...## ...
#.# ##.## .### #.##
#.# .# #..## .#
##...###.


You could see 2 orcs.

Vanquished Creatures
  An orc priest (D:4)
  An orc wizard (D:4)
  2 adders (D:3)
  4 oozes
  6 worms
  3 dart slugs
  A leopard gecko (D:4)
  3 orcs (D:4)
  9 bats
  5 giant cockroaches
  10 goblins
  9 hobgoblins
  2 jackals (D:1)
  9 kobolds
  2 quokkas (D:3)
  A ball python (D:3)
  5 frilled lizards
  5 rats (D:1)
78 creatures vanquished.

Notes
Turn   | Place    | Note
-------+----------+-------------------------------------------
     0 | D:1      | Loudmushroom the Gargoyle Fighter began the quest for the
                  | Orb.
     0 | D:1      | Reached XP level 1. HP: 14/14 MP: 1/1
   161 | D:1      | Reached XP level 2. HP: 18/19 MP: 2/2
   551 | D:1      | Reached XP level 3. HP: 23/23 MP: 3/3
  1709 | D:2      | Reached XP level 4. HP: 21/29 MP: 4/4
  1803 | D:2      | Found an opulent altar of Gozag.
  2003 | D:2      | Found a faded altar of an unknown god.
  2772 | D:3      | Reached XP level 5. HP: 33/33 MP: 5/5
  3290 | D:4      | Slain by an orc

Skill      XL: |  1  2  3  4 |
---------------+-------------+-----
Axes           | 2 3 |  3.5
Fighting       | 4 |  4.2
Armour         | 4 |  4.2
Shields        | 4 |  4.2

Action                   |  1- 3 |  4- 6 || total
-------------------------+-------+-------++-------
Melee: War axe           |    97 |   167 ||   264
  Eat: Ration            |     1 |       ||     1
       Chunk             |       |     5 ||     5
Armor: Scale mail        |    54 |   121 ||   175
Dodge: Dodged            |    35 |    48 ||    83
Block: Shield            |    49 |    90 ||   139
